 Dungeon Crawl Stone Soup version 0.23.2-1-ga50397a (webtiles) character file.

Game seed: 12260291544742298287

189 Fang the Skirmisher (level 5, 0/34 HPs)
             Began as a Gargoyle Berserker on May 29, 2019.
             Was a Believer of Trog.
             Slain by Sigmund
             ... wielding a +1 scythe of protection
              (3 damage)
             ... on level 3 of the Dungeon on May 30, 2019.
             The game lasted 00:04:19 (2962 turns).

Fang the Skirmisher (Gargoyle Berserker)            Turns: 2962, Time: 00:04:19

Health: 0/34       AC:  6    Str: 22    XL:     5   Next: 68%
Magic:  5/5        EV: 12    Int:  7    God:    Trog [**....]
Gold:   157        SH:  0    Dex:  9    Spells: 4/4 levels left

rFire    . . .     SeeInvis .   a - +0 hand axe
rCold    . . .     Gourm    .   (no shield)
rNeg     + . .     Faith    .   b - +0 animal skin
rPois    ∞         Spirit   .   (no helmet)
rElec    +         Reflect  .   (no cloak)
rCorr    .         Harm     .   (no gloves)
MR       .....                  (no boots)
Stlth    +.........             (no amulet)
HPRegen  0.11/turn              n - ring of flight
MPRegen  0.09/turn              (no ring)

@: no status effects
A: negative energy resistance 1, electricity resistance, unbreathing,
petrification resistance, rot immunity, AC +4
a: Berserk, Trog's Hand, Renounce Religion, Evoke Flight


You were on level 3 of the Dungeon.
You worshipped Trog.
Trog was pleased with you.
You were not hungry.

You visited 1 branch of the dungeon, and saw 3 of its levels.

You collected 157 gold pieces.

Inventory:

Hand Weapons
 a - a +0 hand axe (weapon)
Armour
 b - a +0 animal skin (worn)
Jewellery
 n - a ring of flight (left hand)
 w - a +5 ring of protection {unknown}
Wands
 t - a wand of digging (3)
 v - a wand of random effects (18)
Scrolls
 g - a scroll of immolation {unknown}
 h - a scroll of enchant weapon {unknown}
 i - 2 scrolls of enchant armour {unknown}
 k - 2 scrolls of remove curse {unknown}
 o - a scroll of noise {unknown}
 p - 2 scrolls of amnesia {unknown}
 s - 2 scrolls of identify {unknown}
 x - a scroll of blinking {unknown}
 y - a scroll of teleportation {unknown}
Potions
 d - a potion of flight {unknown}
 e - a potion of brilliance {unknown}
 f - a potion of curing {unknown}
 j - a potion of lignification {unknown}
 l - 2 potions of heal wounds
 m - a potion of ambrosia {unknown}
 q - a potion of mutation {unknown}
 r - a potion of degeneration {unknown}
Comestibles
 c - 5 rations
 u - 8 chunks of flesh


   Skills:
 + Level 4.4 Fighting
 + Level 3.6 Axes
 + Level 3.6 Armour
 + Level 2.7 Dodging


You had 4 spell levels left.
You didn't know any spells.
Your spell library was empty.

Dungeon Overview and Level Annotations

Branches:
Dungeon (3/15)

Altars:

Annotations:
D:3 Sigmund


Innate Abilities, Weirdness & Mutations

You are resistant to torment.
Your stone body is resilient. (AC +4)
You are immune to poison.
You resist negative energy. (rN+)
You are resistant to electric shocks. (rElec)
You can survive without breathing.
You are immune to petrification.
You are immune to rotting.


Message History

You bump into the rock wall.
Sigmund misses you.
You barely miss Sigmund. Sigmund barely misses you.
You hit Sigmund.
Sigmund is lightly wounded.
You bump into the rock wall.
Sigmund hits you with a +1 scythe of protection!
You bump into the rock wall.
Sigmund points at you and mumbles some strange words.
The magic dart hits you!
* * * LOW HITPOINT WARNING * * *
You bump into the rock wall.
You feel less confused.
Sigmund hits you with a +1 scythe of protection.
* * * LOW HITPOINT WARNING * * *
You hit Sigmund but do no damage.
Sigmund is lightly wounded.
You closely miss Sigmund.
Sigmund is lightly wounded.
Sigmund hits you with a +1 scythe of protection.
You die...

...(...#####.####
........# ##.##
........# #...#
##..###>###...#
..........#...#
#..##.#.#.###.#
)....#..#.###(###
#.#(###.......#.##
..#..#.##.####.#@#
###.#.....#
#.###@......
##.####### ##
###.### #)..# #.
#...# #.# #...#
#.# #...# ####.#
### #...#
#....##########...
#...#
#.#.............#


You could see Sigmund.

Vanquished Creatures
  Crazy Yiuf (D:2)
  Robin (D:2)
  4 gnolls (D:2)
  4 adders (D:2)
  2 oozes
  4 dart slugs
  An orc (D:3)
  A giant cockroach (D:3)
  12 goblins
  8 hobgoblins
  4 kobolds
  5 quokkas
  5 bats
  8 rats
60 creatures vanquished.

Notes
Turn   | Place    | Note
-------+----------+-------------------------------------------
     0 | D:1      | Fang the Gargoyle Berserker began the quest for the Orb.
     0 | D:1      | Reached XP level 1. HP: 14/14 MP: 1/1
    76 | D:1      | Reached XP level 2. HP: 13/19 MP: 2/2
   519 | D:2      | Reached XP level 3. HP: 15/24 MP: 3/3
  1011 | D:2      | Reached XP level 4. HP: 29/29 MP: 4/4
  1418 | D:2      | Reached skill level 4 in Fighting
  1428 | D:2      | Reached ** piety under Trog
  2080 | D:2      | Reached XP level 5. HP: 33/33 MP: 5/5
  2123 | D:2      | Found a runed translucent door.
  2123 | D:2      | Noticed Robin
  2124 | D:2      | Noticed Crazy Yiuf
  2306 | D:2      | Killed Robin
  2309 | D:2      | Killed Crazy Yiuf
  2953 | D:3      | Noticed Sigmund
  2962 | D:3      | Slain by Sigmund

Skill      XL: |  1  2  3  4 |
---------------+-------------+-----
Axes           | 3 |  3.6
Dodging        | 2 |  2.7
Armour         | 3 |  3.6
Fighting       | 4 |  4.4

Action                   |  1- 3 |  4- 6 || total
-------------------------+-------+-------++-------
Melee: Hand axe          |    62 |   155 ||   217
Invok: Berserk           |       |     3 ||     3
  Eat: Chunk             |       |     6 ||     6
       Ration            |       |     1 ||     1
Armor: Animal skin       |    23 |    76 ||    99
Dodge: Dodged            |    47 |   116 ||   163
